Match 41525602
Unlisted

Match 41525602
End
Scout Squad
Construct Barracks
Riflemen Squad
Selects Airborne Battlegroup
Selects Heavy Machine Gun Paradrop
Riflemen Squad
Heavy Machine Gun Paradrop
M1 Mortar Team
Mechanized Support Center
Selects Recon Loiter
Riflemen Squad
Riflemen Squad
Grenade Package
Construct Tank Depot
Selects Supply Drop
M4A1 Sherman Medium Tank
Designate Forward Repair Station
Esxile
PlumApollo
カルト_くん
KevinTDW
0
0

Comments sign in to comment!

No comments posted yet!